 Dungeon Crawl Stone Soup version 0.31-a0-875-g02e7d12df6 (webtiles) character file.

Game seed: 5421136166133657060

4 Azuregosa the Sneak (level 1, 0/16 HPs)
             Began as an Octopode Delver on Oct 12, 2023.
             Slain by a hound (2 damage)
             ... on level 5 of the Dungeon.
             The game lasted 00:00:53 (130 turns).

Azuregosa the Sneak (Octopode Delver)                Turns: 130, Time: 00:00:53

Health: 0/16       AC:  1    Str: 11    XL:     1   Next: 60%
Magic:  1/1        EV: 13    Int: 12    God:
Gold:   20         SH:  0    Dex: 13    Spells: 0/0 levels left

rFire   . . .        g - +1 falchion (holy)
rCold   . . .        (no shield)
rNeg    . . .        (helmet restricted)
rPois   .            (no amulet)
rElec   .            (no ring)
rCorr   .            (no ring)
SInv    .            (no ring)
Will    .....        (no ring)
Stlth   ++++         (no ring)
HPRegen 0.22/turn    (no ring)
MPRegen 0.07/turn    (no ring)
                     (no ring)

%: no passive effects
@: no status effects
A: almost no armour, amphibious, 8 rings, camouflage 1, gelatinous body 1,
(nimble swimmer 1), tentacles
a: no special abilities


You were on level 5 of the Dungeon.
You visited 1 branch of the dungeon, and saw 2 of its levels.

You collected 20 gold pieces.

Inventory:

Hand Weapons
 a - a +0 falchion
 g - a +1 falchion of holy wrath (weapon)
Wands
 f - a wand of digging (3)
Scrolls
 b - a scroll of fog
 c - a scroll of revelation
 d - a scroll of fear
Potions
 e - a potion of haste


   Skills:
 - Level 3.0 Fighting
 - Level 2.0 Long Blades
 - Level 2.0 Dodging
 + Level 6.9 Stealth


You couldn't memorise any spells.
You didn't know any spells.
Your spell library was empty.

Dungeon Overview and Level Annotations

Branches:
Dungeon (6/15)
 Temple: D:4-7

Altars:


Innate Abilities, Weirdness & Mutations

You cannot wear most types of armour.
You are amphibious.
You can wear up to eight rings at the same time.
Your skin changes colour to match your surroundings (Stealth+).
Your rubbery body absorbs attacks. (AC +1, EV +1)
((You are camouflaged when in or above water. (Stealth+)))
You have tentacles for arms and can constrict up to eight enemies at once.


Message History

Things that are here:
a +0 scale mail; an orc corpse An orc priest and an orc come into view.
The orc shouts! x2; You hear a shout! x2
An orc priest comes into view. It is wielding a +0 hand axe.
The orc priest shouts!
An orc comes into view. It is wielding a +0 dagger.
Things that are here:
a +0 scale mail; an orc corpse
There is a stone staircase leading down here.
You climb downwards.
Found 20 gold pieces.
Found a stone staircase leading up.
There is a stone staircase leading up here.
You now have 20 gold pieces.
There is a stone staircase leading up here.
You climb upwards.
There is a stone staircase leading down here.
A hound comes into view.
Found a scroll labelled NEMISA VONO.
The helpless hound fails to defend itself.
You slash the hound! Your grab misses the hound.
The hound is heavily wounded.
The hound closely misses you.
You hit the hound. You grab the hound.
The hound is heavily wounded.
You constrict the hound, but do no damage.
The hound bites you. x2
You hit the hound.
The hound is severely wounded.
You constrict the hound, but do no damage.
The hound misses you. The hound closely misses you.
You completely miss the hound.
The hound is severely wounded.
You constrict the hound. The hound bites you. x2
* * * LOW HITPOINT WARNING * * *
You hit the hound. Your squeeze misses the hound.
The hound is almost dead.
You constrict the hound, but do no damage.
The hound barely misses you. The hound bites you.
You die...

..
#.##.#
#.
##.##.#
#.
#.....#
##.####
#....#
##.#.#
##.#.#
#..# #
#@##
#..h...#
###.####
?.# ###


You could see a hound.

Vanquished Creatures
  2 orcs (D:5)
2 creatures vanquished.

Notes
Turn   | Place    | Note
-------+----------+-------------------------------------------
     0 | D:5      | Azuregosa the Octopode Delver began the quest for the Orb.
     0 | D:5      | Reached XP level 1. HP: 16/16 MP: 1/1
    77 | D:5      | Noticed an orc priest
    78 | D:5      | Noticed an orc priest
   119 | D:5      | Noticed a hound
   130 | D:5      | Slain by a hound

Illustrated notes

Levels and vault maps discovered:
D:5:      layout_loops_cross, lemuel_crystal_altar, mainiacjoe_overflow_alcove_2
D:6:      layout_basic, overflow_temple_1_default

Action                     || total
---------------------------++-------
  Melee: Falchion          ||    11
         Constrict         ||     3
         Tentacles         ||     1
   Stab: Sleeping          ||     1
 Armour: Skin              ||    10
  Dodge: Dodged            ||     7

Table legend: (Time is in decaauts)
 A = Elapsed time spent in this place.
 B = Non-inter-level travel time spent in this place.
 C = Inter-level travel time spent in this place.
 D = Time resting spent in this place.
 E = Time spent auto-exploring this place.
 F = Levels seen in this place.
 G = Mean time per level.
                   A        B        C        D        E       F      G
               +--------+--------+--------+--------+--------+-----+--------+
         Total |    130 |    130 |      0 |     33 |      0 |   2 |   65.0 |
       Dungeon |    130 |    130 |      0 |     33 |      0 |   2 |   65.0 |
               +--------+--------+--------+--------+--------+-----+--------+

Top non-repeatable levels by time:
     D:5: 121 daAuts
     D:6: 9 daAuts
